Map: Newkirk Precinct TE (Void)

Players

Dupsko - Winner!

  • Race: Terran Terran
  • League: Diamond
  • Spawn Location: 7:00

Musumeci

  • Race: Zerg Zerg
  • League: Diamond
  • Spawn Location: 5:00

VOD

Have the link to the VOD?

Description

Time

  • Played on: March 27, 2017, 12:33 p.m.
  • Length: 13:44
Show
View Real Time Build Order
Export as new Build Order

Dupsko Terran - Winner!

Build Orders: Reaper Expand, MMM Bio 

Get SALT Encoding   

  12  0:03  SCV  
  13  0:15  SCV  
  13  0:20  Supply Depot  
  14  0:27  SCV  
  15  0:41  SCV  
  16  0:43  Barracks  
  16  0:47  Refinery  
  16  0:53  SCV  
  17  1:06  SCV  
  18  1:18  SCV  
  19  1:30  Orbital Command  
  19  1:31  Reaper  
  20  1:42  Command Center  
  20  1:52  Barracks  
  20  1:59  SCV  
  21  2:04  Refinery  
  21  2:05  Barracks Reactor  
  22  2:15  SCV  
  22  2:17  Supply Depot  
  22  2:27  SCV  
  23  3:00  Barracks Tech Lab  
  23  3:01  Marine x2  
  23  3:03  SCV  
  23  3:04  Orbital Command, Factory  
  26  3:11  Supply Depot  
  26  3:26  Marine x2  
  28  3:29  SCV  
  28  3:32  Marine, Stimpack  
  29  3:38  SCV  
  29  3:41  SCV  
  31  3:44  Marine, Supply Depot  
  32  3:49  Factory Reactor  
  32  3:50  SCV, Starport  
  33  4:03  Command Center  
  33  4:09  SCV x2, Marine x2  
  36  4:14  Supply Depot  
  37  4:21  SCV  
  38  4:24  Marine  
  39  4:34  Widow Mine, Medivac x2  
  45  4:39  Supply Depot  
  45  4:40  Marine  
  45  4:41  Marine  
  45  4:42  SCV  
  45  4:43  SCV  
  49  4:52  Marauder  
  51  4:57  SCV x2  
  51  4:58  Barracks  
  53  5:01  Marine  
  53  5:02  Marine  
  55  5:10  Widow Mine  
  55  5:12  Liberator  
  55  5:13  Marine  
  58  5:19  Orbital Command, Engineering Bay  
  58  5:21  SCV x2, Engineering Bay  
  58  5:23  Marine  
  61  5:33  Marine x2  
  66  5:37  Combat Shields  
  66  5:42  Barracks  
  66  5:56  Marine x2  
  69  5:58  Barracks Reactor  
  50  6:37  SCV x3  
  49  6:41  Factory Tech Lab, Barracks  
  49  6:42  Barracks, Terran Infantry Weapons Level 1  
  49  6:43  Terran Infantry Armor Level 1  
  46  6:51  Medivac x2  
  46  6:53  Barracks Tech Lab  
  50  6:57  SCV x2  
  52  7:02  SCV, Refinery  
  52  7:05  Supply Depot  
  52  7:06  Supply Depot  
  53  7:09  SCV x2  
  53  7:11  Marine x3  
  53  7:12  Marine, Siege Tank  
  53  7:14  SCV  
  63  7:20  Marauder x2  
  63  7:21  SCV x2  
  67  7:26  SCV  
  66  7:31  Barracks Tech Lab  
  66  7:32  Barracks Tech Lab  
  66  7:37  Marine x4  
  66  7:38  Medivac  
  66  7:41  Marauder  
  66  7:42  Marauder  
  73  7:47  Concussive Shells  
  73  7:48  Orbital Command  
  73  7:57  Marauder x2  
  73  7:58  Marine x4  
  79  8:03  Marauder x2  
  85  8:08  Supply Depot  
  85  8:09  Supply Depot  
  85  8:16  Marine x4  
  85  8:18  Marauder  
  85  8:19  Marauder  
  93  8:22  Refinery  
  93  8:24  Marauder x2  
  97  8:30  SCV  
  97  8:31  SCV, Supply Depot x2  
  97  8:33  Marine x2  
  97  8:34  SCV, Marine x2  
  101  8:39  Armory, Marine  
  101  8:40  Marine  
  106  8:43  SCV  
  106  8:45  Marine  
  106  8:46  Marauder, Supply Depot  
  110  8:50  Siege Tank  
  110  8:51  Marine x3  
  110  8:52  Marine  
  110  8:53  SCV x2  
  110  8:55  SCV  
  120  8:57  Marauder  
  120  8:58  Marauder  
  120  9:02  Unknown  
  124  9:03  Marine  
  124  9:06  Marine  
  124  9:09  Marine x4  
  126  9:19  Marauder x2  
  130  9:27  Unknown  
  129  9:32  Medivac  
  129  9:33  Medivac  
  133  9:44  Unknown  
  121  9:48  Marauder x3, Marine x2  
  94  9:54  Marauder, Marine x2  
  88  10:04  Siege Tank  
  88  10:06  Marine x2  
  86  10:09  Marauder  
  86  10:10  Marauder x2  
  86  10:12  Marine x2  
  86  10:13  Barracks  
  94  10:15  Marine  
  94  10:20  Command Center  
  95  10:24  Marine x2  
  94  10:30  Marine x2  
  94  10:31  Marauder x3  
  94  10:33  Marine  
  103  10:37  Terran Infantry Weapons Level 2, Terran Infantry Armor Level 2  
  103  10:40  Terran Vehicle Weapons Level 1, Siege Tank  
  103  10:41  Marine  
  107  10:50  Marine x3  
  107  10:51  Marauder  
  107  10:52  Marauder, Marine x2  
  107  10:54  Medivac  
  118  10:59  Marine  
  118  11:02  Barracks Tech Lab  
  119  11:08  Marine  
  119  11:10  Marauder, Command Center  
  122  11:16  Refinery  
  122  11:19  Refinery  
  120  11:35  Marine  
  120  11:36  Marine x8  
  126  11:53  Marine x4  
  126  11:54  Marauder x2, Marine x2  
  136  12:05  Marauder  
  134  12:11  Marine  
  134  12:12  Marauder  
  132  12:16  Marine x2  
  132  12:17  Marauder x3, Marine  
  135  12:26  Marine  
  135  12:28  Medivac x2  
  135  12:29  Marine  
  138  12:33  Marine  
  138  12:34  Marine x3  
  138  12:38  Marauder x2, Marine  
  138  12:44  Marine  
  139  12:54  Marine  
  139  12:55  Marauder, Marine x3  
  139  12:56  Marauder  
  128  12:59  Marauder, Marine  
  128  13:02  Marine  
  122  13:06  SCV  
  122  13:12  Marine x2  
  123  13:15  Marine x2  
  123  13:16  Marauder  
  123  13:17  Marauder x2, Command Center  
  133  13:20  Marauder, Marine  
Show
View Real Time Build Order
Export as new Build Order

Musumeci Zerg 

Build Orders: Pool First 

Get SALT Encoding   

  12  0:01  Drone  
  13  0:08  Drone  
  14  0:15  Extractor  
  14  0:16  Drone  
  15  0:37  Spawning Pool  
  15  0:42  Drone, Extractor  
  15  1:00  Extractor  
  14  1:05  Hatchery  
  14  1:09  Drone  
  15  1:29  Overlord  
  15  1:34  Extractor x2  
  15  1:36  Drone  
  14  1:47  Queen  
  16  1:48  Drone x2  
  16  1:51  Drone  
  21  2:10  Drone  
  22  2:17  Queen  
  22  2:18  Drone  
  22  2:19  Overlord  
  25  2:23  Drone  
  25  2:25  Queen  
  28  2:32  Spore Crawler  
  27  2:42  Extractor  
  26  2:48  Extractor  
  26  2:49  Spore Crawler  
  24  2:52  Queen  
  29  3:33  Drone x7  
  36  3:36  Overlord  
  36  3:37  Overlord  
  36  3:48  Hatchery  
  35  4:03  Drone x9  
  35  4:08  Extractor  
  35  4:09  Extractor  
  42  4:10  Roach Warren  
  41  4:18  Drone  
  41  4:19  Drone x2, Evolution Chamber  
  41  4:20  Evolution Chamber  
  42  4:24  Drone x2  
  42  4:27  Overlord  
  44  4:46  Evolution Chamber  
  44  4:49  Drone  
  44  4:50  Drone x8  
  52  4:54  Overlord  
  52  5:02  Overlord  
  52  5:03  Roach x2  
  56  5:09  Roach  
  56  5:13  Roach  
  60  5:16  Roach  
  60  5:18  Extractor  
  61  5:24  Drone  
  61  5:25  Drone x2, Extractor  
  61  5:27  Overlord  
  61  5:28  Roach x4  
  71  5:33  Roach  
  73  5:43  Lair  
  73  5:49  Roach x3  
  77  5:55  Overlord  
  77  5:56  Overlord  
  77  5:59  Roach  
  77  6:00  Roach  
  73  6:18  Roach x4  
  73  6:19  Roach x5  
  79  6:39  Roach  
  83  6:40  Roach x8  
  95  6:51  Ravager  
  95  6:52  Ravager  
  97  7:03  Overseer  
  97  7:06  Glial Reconstitution  
  97  7:24  Ravager  
  96  7:32  Drone x2  
  95  7:39  Drone  
  95  7:40  Drone x2  
  98  7:45  Overlord x6  
  98  8:02  Drone, Extractor  
  98  8:04  Drone  
  98  8:05  Drone x8  
  107  8:06  Extractor  
  107  8:09  Drone x3  
  107  8:10  Drone  
  107  8:12  Drone  
  111  8:15  Drone  
  112  8:22  Ravager  
  112  8:23  Ravager x8  
  121  8:31  Queen  
  121  8:33  Overlord  
  121  8:34  Overlord x5  
  123  8:48  Zerg Ground Armor Level 1, Zerg Missile Weapons Level 1  
  123  8:54  Roach x4  
  123  8:55  Roach x5  
  141  8:56  Overlord x2  
  139  9:11  Spore Crawler  
  139  9:13  Spore Crawler  
  139  9:14  Roach  
  139  9:15  Roach x6  
  139  9:16  Spore Crawler  
  146  9:21  Ravager x3  
  143  9:33  Roach x2  
  143  9:34  Roach x6  
  140  9:47  Roach x4  
  118  10:08  Roach x10  
  124  10:38  Ravager x6  
  124  10:39  Ravager  
  131  10:56  Zerg Missile Weapons Level 2, Zerg Ground Armor Level 2  
  131  11:02  Drone, Extractor  
  131  11:03  Hatchery, Drone x3  
  131  11:06  Drone x3  
  131  11:07  Drone x2  
  131  11:08  Drone  
  137  11:11  Extractor  
  137  11:12  Ravager x5  
  137  11:18  Burrow  
  137  11:45  Roach  
  137  11:46  Roach x18  
  166  11:54  Roach x4  
  158  12:15  Ravager x2  
  158  12:16  Ravager x2  
  155  12:25  Roach x9  
  167  12:35  Ravager x2  
  159  12:44  Roach x5  
  96  12:59  Roach x5  
  96  13:00  Roach x4  
  99  13:09  Roach x9  
  94  13:16  Roach x3  
Tags
 
Add a new tag
Caveats
  • Supply blocks, unpowered buildings, or Contaminate may cause inaccurate times.
  • Supply counts are checked every 10 seconds.